Map: Newkirk Precinct TE (Void)

Players

ArT

  • Race: Protoss Protoss
  • League: Master
  • Spawn Location: 7:00

soul

  • Race: Protoss Protoss
  • League: Master
  • Spawn Location: 5:00

Elazer (souL)

  • Race: Terran Terran
  • League: Master

Rodzyn (Elazer)

  • Race: Terran Terran
  • League: Master

VOD

Have the link to the VOD?

Description

Time

  • Played on: Nov. 26, 2016, 3:24 p.m.
  • Length: 10:54
Show
View Real Time Build Order
Export as new Build Order

ArT Protoss 

Build Orders: 1 Gate Expand, Blink Stalkers 

Get SALT Encoding   

  12  0:00  Probe (Chrono Boost)  
  13  0:11  Probe (Chrono Boost)  
  14  0:18  Pylon  
  14  0:22  Probe (Chrono Boost)  
  15  0:36  Probe (Chrono Boost)  
  15  0:37  Gateway  
  16  0:44  Assimilator  
  16  0:47  Probe (Chrono Boost)  
  17  0:57  Probe (Chrono Boost)  
  18  1:08  Probe (Chrono Boost)  
  19  1:22  Nexus  
  19  1:26  Probe (Chrono Boost)  
  20  1:36  Cybernetics Core  
  20  1:39  Probe (Chrono Boost)  
  21  1:45  Assimilator  
  21  1:50  Probe (Chrono Boost)  
  22  1:56  Pylon  
  22  2:00  Probe (Chrono Boost)  
  23  2:14  Warp Gate  
  23  2:15  Mothership Core (Chrono Boost)  
  25  2:21  Stalker  
  27  2:33  Probe (Chrono Boost)  
  27  2:35  Probe (Chrono Boost)  
  29  2:42  Twilight Council  
  29  2:44  Probe (Chrono Boost)  
  30  2:46  Probe (Chrono Boost)  
  31  2:52  Stalker  
  31  2:54  Probe (Chrono Boost)  
  31  2:57  Probe (Chrono Boost)  
  35  3:05  Probe (Chrono Boost)  
  36  3:08  Probe (Chrono Boost)  
  37  3:13  Robotics Facility  
  37  3:18  Probe (Chrono Boost)  
  37  3:19  Probe (Chrono Boost), Blink  
  38  3:29  Probe (Chrono Boost)  
  38  3:30  Probe (Chrono Boost)  
  40  3:38  Gateway  
  40  3:43  Gateway  
  40  3:48  Probe (Chrono Boost)  
  42  3:49  Probe (Chrono Boost)  
  42  3:54  Pylon  
  42  3:58  Observer  
  42  3:59  Probe (Chrono Boost), Assimilator  
  42  4:01  Probe (Chrono Boost)  
  45  4:12  Probe (Chrono Boost)  
  45  4:14  Probe (Chrono Boost)  
  45  4:15  Gateway x2  
  47  4:20  Gateway  
  47  4:27  Observer, Gateway  
  48  4:31  Stalker  
  48  4:37  Pylon  
  50  4:39  Stalker  
  50  4:44  Stalker  
  54  4:49  Warp Prism  
  54  4:56  Pylon  
  58  5:00  Probe x2 (Chrono Boost)  
  58  5:12  Nexus  
  58  5:22  Stalker x2  
  62  5:35  Pylon  
  62  5:47  Stalker x4  
  70  5:50  Pylon  
  70  5:53  Stalker  
  70  5:54  Stalker  
  74  5:58  Stalker  
  76  6:06  Pylon  
  68  6:20  Stalker x4  
  68  6:22  Stalker  
  77  6:38  Stalker x2  
  79  6:42  Stalker  
  79  6:45  Stalker  
  79  6:46  Stalker  
  71  6:49  Stalker  
  63  6:55  Stalker  
  65  7:01  Stalker  
  65  7:03  Stalker  
  65  7:07  Stalker  
  71  7:12  Stalker  
  73  7:16  Stalker  
  73  7:21  Stalker  
  75  7:30  Stalker x2  
  79  7:39  Probe (Chrono Boost)  
  79  7:40  Probe x2 (Chrono Boost)  
  82  7:47  Assimilator  
  82  7:49  Resonating Glaives  
  82  7:50  Probe x2 (Chrono Boost)  
  84  7:55  Probe (Chrono Boost)  
  85  8:00  Probe (Chrono Boost)  
  85  8:01  Probe (Chrono Boost)  
  85  8:05  Probe (Chrono Boost)  
  88  8:11  Probe x2 (Chrono Boost)  
  90  8:16  Probe (Chrono Boost)  
  90  8:18  Stalker x5  
  97  8:22  Probe (Chrono Boost), Stalker  
  101  8:27  Probe (Chrono Boost)  
  101  8:29  Probe (Chrono Boost)  
  101  8:36  Probe (Chrono Boost)  
  101  8:37  Probe (Chrono Boost), Sentry  
  101  8:39  Probe (Chrono Boost)  
  106  8:43  Pylon  
  106  8:46  Probe (Chrono Boost)  
  107  8:50  Pylon  
  107  9:03  Probe (Chrono Boost)  
  107  9:06  Adept x6  
  110  9:15  Pylon  
  110  9:16  Pylon  
  110  9:21  Pylon  
  104  9:39  Sentry x2  
  104  9:43  Nexus  
  104  9:44  Pylon  
  108  9:46  Probe x2 (Chrono Boost)  
  110  9:57  Stalker  
  110  9:58  Stalker x2  
  116  10:00  Sentry  
  116  10:03  Pylon  
  118  10:10  Observer  
  119  10:25  Adept x5  
  107  10:37  Adept x2  
Show
View Real Time Build Order
Export as new Build Order

soul Protoss 

Build Orders:  

Get SALT Encoding   

  12  0:00  SCV  
  13  0:13  SCV  
  14  0:17  Supply Depot  
  14  0:25  SCV  
  15  0:39  SCV  
  15  0:40  Barracks  
  16  0:44  Refinery  
  16  0:51  SCV  
  17  1:03  SCV  
  18  1:15  SCV  
  19  1:28  Orbital Command, Reaper  
  20  1:43  Command Center  
  20  1:52  Supply Depot  
  20  1:54  SCV  
  21  2:05  Barracks Reactor  
  21  2:06  SCV  
  22  2:20  SCV  
  23  2:23  Command Center  
  23  2:32  Barracks  
  23  2:36  SCV  
  24  2:41  Marine x2  
  26  2:48  SCV  
  27  2:55  Orbital Command  
  27  2:59  Marine x2  
  27  3:00  SCV  
  30  3:08  Engineering Bay  
  30  3:13  SCV  
  30  3:16  Marine  
  30  3:17  Marine  
  33  3:20  Barracks Tech Lab  
  33  3:22  SCV  
  33  3:25  SCV  
  35  3:34  SCV, Missile Turret  
  35  3:36  Orbital Command  
  35  3:37  SCV  
  35  3:40  Stimpack  
  37  3:42  Marine  
  37  3:44  Marine  
  37  3:46  Marine  
  40  3:49  SCV  
  40  3:51  SCV  
  42  4:00  Marine  
  42  4:01  Marine, SCV  
  42  4:02  SCV  
  46  4:03  SCV  
  46  4:08  Barracks  
  46  4:09  Marine  
  47  4:13  SCV  
  47  4:14  SCV  
  47  4:15  SCV  
  50  4:17  Factory  
  50  4:19  Refinery  
  50  4:21  Refinery  
  50  4:24  Marine  
  50  4:25  Supply Depot, SCV  
  50  4:26  SCV  
  50  4:27  Marauder  
  50  4:28  Marine  
  50  4:30  SCV  
  57  4:37  SCV  
  59  4:38  SCV  
  59  4:42  SCV  
  59  4:43  Supply Depot, Marine  
  61  4:46  Marine  
  61  4:49  SCV  
  61  4:50  SCV  
  61  4:51  Bunker  
  64  4:56  Barracks Tech Lab  
  64  4:57  SCV  
  64  4:58  Marauder  
  67  5:02  Supply Depot, SCV  
  67  5:03  Supply Depot  
  67  5:05  SCV  
  69  5:09  SCV  
  69  5:10  Starport  
  69  5:11  Factory Reactor, Refinery  
  70  5:14  SCV  
  70  5:16  Marauder, Supply Depot, Marine  
  74  5:26  Barracks x2  
  74  5:30  Terran Infantry Weapons Level 1  
  74  5:35  Orbital Command, SCV x2  
  76  5:37  Marauder  
  76  5:38  Marine  
  76  5:39  Supply Depot  
  79  5:45  Combat Shields  
  79  5:46  Sensor Tower, Concussive Shells  
  79  5:47  Marine, SCV  
  81  5:52  SCV  
  81  5:54  Factory Reactor  
  81  5:55  Medivac  
  81  5:57  Marine x2  
  84  5:58  Marine  
  84  6:02  SCV  
  84  6:04  Bunker  
  89  6:06  Orbital Command  
  89  6:07  Medivac  
  89  6:11  Marine, SCV  
  88  6:13  Marine  
  88  6:14  SCV  
  88  6:15  Marauder  
  88  6:17  Marine  
  93  6:23  SCV  
  93  6:24  Liberator, Supply Depot  
  91  6:25  Medivac  
  91  6:27  SCV  
  91  6:31  Marauder, Marine  
  96  6:34  Marine  
  96  6:36  Marauder, Marine  
  91  6:42  Marine  
  91  6:44  Liberator  
  81  6:48  Marine  
  81  6:52  Marine x2  
  81  6:54  Marine  
  75  6:57  Marine  
  72  7:02  Marine  
  72  7:06  Marine  
  77  7:09  Marine  
  77  7:10  Marauder  
  77  7:13  SCV x3  
  77  7:14  Marine  
  84  7:16  Marine  
  84  7:22  Liberator  
  85  7:34  Supply Depot, Missile Turret  
  85  7:39  Liberator, SCV, Marine  
  85  7:40  Terran Infantry Armor Level 1, Marauder  
  91  7:44  Marauder  
  93  7:55  Supply Depot  
  93  7:56  SCV, Marine x3  
  93  7:57  SCV  
  101  8:04  Supply Depot  
  101  8:05  Supply Depot  
  101  8:13  SCV  
  101  8:16  Marine  
  101  8:17  Marauder x2, SCV  
  101  8:19  Marine  
  107  8:25  Medivac  
  107  8:26  SCV  
  111  8:27  Barracks Reactor  
  111  8:28  Barracks Tech Lab  
  111  8:32  Supply Depot  
  111  8:33  Supply Depot  
  107  8:38  Marauder x2  
  107  8:39  Medivac  
  113  8:41  Marine  
  113  8:44  Marine  
  113  8:46  SCV  
  113  8:47  Widow Mine  
  115  8:54  Marine  
  115  8:55  Medivac  
  117  8:57  Supply Depot  
  117  8:59  Marine, SCV  
  117  9:00  Marauder x2  
  117  9:01  Marine  
  121  9:06  Marine  
  120  9:11  SCV  
  120  9:12  Marauder  
  120  9:15  Supply Depot  
  123  9:20  Marine  
  123  9:21  Marauder x2  
  123  9:22  Orbital Command, Marine  
  130  9:24  SCV  
  130  9:28  Liberator  
  130  9:30  Marine  
  130  9:31  Marine  
  132  9:33  Marauder  
  132  9:34  SCV  
  132  9:35  Liberator  
  132  9:36  SCV  
  132  9:37  Marine  
  137  9:46  SCV  
  138  9:53  Marine  
  138  9:55  Marine  
  138  9:56  Marine  
  144  10:06  Engineering Bay, Armory  
  144  10:07  Supply Depot  
  144  10:10  Marine  
  144  10:11  Marauder  
  146  10:16  Marine  
  146  10:17  Marauder  
  146  10:21  Bunker, Marauder, Marine  
  149  10:28  Marine  
  150  10:32  Marauder, Marine  
  150  10:34  Marine  
Show
View Real Time Build Order
Export as new Build Order

Elazer Terran 

Build Orders:  

Get SALT Encoding   

Show
View Real Time Build Order
Export as new Build Order

Rodzyn Terran 

Build Orders:  

Get SALT Encoding   

Tags
 
Add a new tag
Caveats
  • Supply blocks, unpowered buildings, or Contaminate may cause inaccurate times.
  • Supply counts are checked every 10 seconds.